Workbook
Name A: #REF!
Name A: #REF!
Name AF: #REF!
Name AF: #REF!
Name anel: #REF!
Name anel: #REF!
Name BDI: #REF!
Name BDI: #REF!
Name OI: #REF!
Name OI: #REF!
Name tala: #REF!
Name tala: #REF!

Sheet Resumo
A6: =Orçamentária!A6 -> Cliente: | B6: =Orçamentária!B6 -> Marcos José Klein | C6: =Orçamentária!L6 -> Data: | D6: =Orçamentária!M6 -> 46111
A7: =Orçamentária!A7 -> Obra: | B7: =Orçamentária!B7 -> Projetos viários da Via de acesso para a Marginal da Rod. Plinio Arlindo Nês - Fase 01 | C7: =Orçamentária!L7 -> Revisão: | D7: =Orçamentária!M7 -> R01
A8: =Orçamentária!A8 -> Município: | B8: =Orçamentária!B8 -> Chapecó/SC | C8: =Orçamentária!L8 -> BDI: | D8: =Orçamentária!M8 -> 0.22
A9: =Orçamentária!A9 -> Comprimento: | B9: =Orçamentária!B9 -> 581,89 m | C9: =IF(Orçamentária!P12="Não"," ",Orçamentária!L9) -> BDI diferenciado: | D9: =IF(Orçamentária!P12="Não"," ",Orçamentária!M9) -> 0.15
A12: Orçamento Resumido
A14: Item | B14: Descrição | C14: Total | D14: Peso (%)
A15: 1 | B15: ADMINISTRAÇÃO LOCAL | C15: 21406.26 | D15: 0.0065
A16: 2 | B16: MOBILIZAÇÃO E DESMOBILIZAÇÃO | C16: 15313.46 | D16: 0.0047
A17: 3 | B17: SERVIÇOS PRELIMINARES | C17: 8796.72 | D17: 0.0027
A18: 4 | B18: TERRAPLENAGEM | C18: 181943.42 | D18: 0.0555
A19: 5 | B19: DRENAGEM | C19: 999987.86 | D19: 0.3049
A20: 6 | B20: PAVIMENTAÇÃO | C20: 2025434.8 | D20: 0.6176
A21: 7 | B21: SINALIZAÇÃO | C21: 26394.72 | D21: 0.008
C23: Total sem BDI | D23: =Orçamentária!L88 -> 2718520.3
C24: Total com BDI | D24: =Orçamentária!L89 -> 3279277.2
A27: =Orçamentária!A92 -> 46111
A31: =Orçamentária!A96 -> _________________________
A32: =Orçamentária!A97 -> Eng° Tayná Caroline Schregele
A33: =Orçamentária!A98 -> CREA-SC 165937-8

Sheet Orçamentária
P1: < OCULTAR ESTA COLUNA > | BA1: SIM
BA2: NÃO
P4: CABEÇALHO OK?
P5: SIM
A6: Cliente: | B6: Marcos José Klein | E6: Bases de custo: | L6: Data: | M6: 46111 | P6: ITENS PARA CONFERIR:
A7: Obra: | B7: Projetos viários da Via de acesso para a Marginal da Rod. Plinio Arlindo Nês - Fase 01 | E7: SINAPI: | F7: 46054 | G7: SC | L7: Revisão: | M7: R01 | P7: 1) Verificar data;
A8: Município: | B8: Chapecó/SC | E8: SICRO3: | F8: 45931 | G8: SC | L8: BDI: | M8: ='Composição BDI'!B25/100 -> 0.22 | P8: 2) Verificar encargos sociais, conforme SINAPI;
A9: Comprimento: | B9: 581,89 m | L9: BDI diferenciado: | M9: ='Composição BDi Dif.'!B25/100 -> 0.15 | P9: 3) Verificar bases efetivamente utilizadas;
E10: Mão de obra - não desonerada | P10: 4) Verificar dados da obra;
K11: Itens com BDI dif.: | M11: 6.6, 6.9 e 6.12 | P11: 5) ITENS COM BDI DIFERENCIADO?
P12: SIM
A13: Planilha Orçamentária | P13: 6) Verificar itens com BDI diferenciado;
P14: 7) Verificar assinatura (dados e posicionamento)
A15: Item | B15: Código | C15: Banco | D15: Descrição | E15: Und | F15: Quant. | G15: Valor Unit | H15: Valor Unit com BDI | K15: Total | N15: Peso (%)
H16: M. O. | I16: MAT. | J16: Total | K16: M. O. | L16: MAT. | M16: Total
A17: 1 | D17: ADMINISTRAÇÃO LOCAL | M17: 21406.26 | N17: 0.0065277373
A18: 1.1 | B18: 94296 | C18: SINAPI | D18: TOPOGRAFO COM ENCARGOS COMPLEMENTARES | E18: MES | F18: 3 | G18: 5848.71 | H18: 6408.25 | I18: 727.17 | J18: 7135.42 | K18: 19224.75 | L18: 2181.51 | M18: 21406.26 | N18: 0.0065277373
A19: 2 | D19: MOBILIZAÇÃO E DESMOBILIZAÇÃO | M19: 15313.46 | N19: 0.0046697668
A20: 2.1 | B20: MOB/DESM | C20: Próprio | D20: MOBILIZAÇÃO E DESMOBILIZAÇÃO | E20: UND | F20: 1 | G20: 12552.02 | H20: 0 | I20: 15313.464 | J20: 15313.464 | K20: 0 | L20: 15313.46 | M20: 15313.46 | N20: 0.0046697668
A21: 3 | D21: SERVIÇOS PRELIMINARES | M21: 8796.72 | N21: 0.002682518
A22: 3.1 | B22: 103689 | C22: SINAPI | D22: FORNECIMENTO E INSTALAÇÃO DE PLACA DE OBRA COM CHAPA GALVANIZADA E ESTRUTURA DE MADEIRA. AF_03/2022_PS | E22: M² | F22: 2 | G22: 470.71 | H22: 53.14 | I22: 521.12 | J22: 574.26 | K22: 106.28 | L22: 1042.24 | M22: 1148.52 | N22: 0.00035023572
A23: 3.2 | B23: 00010775 | C23: SINAPI | D23: LOCACAO DE CONTAINER 2,30 X 6,00 M, ALT. 2,50 M, COM 1 SANITARIO, PARA ESCRITORIO, COMPLETO, SEM DIVISORIAS INTERNAS (NAO INCLUI MOBILIZACAO/DESMOBILIZACAO) | E23: MES | F23: 3 | G23: 928.75 | H23: 0 | I23: 1133.075 | J23: 1133.075 | K23: 0 | L23: 3399.21 | M23: 3399.21 | N23: 0.0010365729
A24: 3.3 | B24: 00010779 | C24: SINAPI | D24: LOCACAO DE CONTAINER 2,30 X 4,30 M, ALT. 2,50 M, P/ SANITARIO, C/ 5 BACIAS, 1 LAVATORIO E 4 MICTORIOS (NAO INCLUI MOBILIZACAO/DESMOBILIZACAO) | E24: MES | F24: 3 | G24: 1160.93 | H24: 0 | I24: 1416.3346 | J24: 1416.3346 | K24: 0 | L24: 4248.99 | M24: 4248.99 | N24: 0.0012957093
A25: 4 | D25: TERRAPLENAGEM | M25: 181943.42 | N25: 0.055482781
A26: 4.1 | B26: 5502985 | C26: SICRO3 | D26: LIMPEZA MECANIZADA DA CAMADA VEGETAL | E26: M² | F26: 12056.96 | G26: 0.84 | H26: 0.04 | I26: 0.98 | J26: 1.02 | K26: 482.2784 | L26: 11815.812 | M26: 12298.09 | N26: 0.0037502441
A27: 4.2 | B27: 5502137 | C27: SICRO3 | D27: ESCAVAÇÃO, CARGA E TRANSPORTE DE MATERIAL DE 1ª CATEGORIA - DMT DE 400 A 600 M - CAMINHO DE SERVIÇO EM REVESTIMENTO PRIMÁRIO - COM ESCAVADEIRA E CAMINHÃO BASCULANTE DE 14 M³ | E27: M³ | F27: 12056.96 | G27: 6.88 | H27: 0.13 | I27: 8.26 | J27: 8.39 | K27: 1567.4048 | L27: 99590.485 | M27: 101157.89 | N27: 0.030847618
A28: 4.3 | B28: 5502978 | C28: SICRO3 | D28: COMPACTAÇÃO DE ATERROS A 100% DO PROCTOR NORMAL | E28: M³ | F28: 2040.74 | G28: 6.06 | H28: 0.18 | I28: 7.21 | J28: 7.39 | K28: 367.3332 | L28: 14713.727 | M28: 15081.06 | N28: 0.0045988976
A29: 4.4 | B29: 4413984 | C29: SICRO3 | D29: REGULARIZAÇÃO DE BOTA-FORA COM ESPALHAMENTO E COMPACTAÇÃO | E29: M³ | F29: 10019.96 | G29: 4.37 | H29: 0.08 | I29: 5.25 | J29: 5.33 | K29: 801.5968 | L29: 52604.783 | M29: 53406.38 | N29: 0.016286022
A30: 5 | D30: DRENAGEM | M30: 999987.86 | N30: 0.30494155
A31: 5.1 | D31: ESTRUTURAS | M31: 334052.7 | N31: 0.10186778
A32: 5.1.1 | B32: 6817887 | C32: SICRO3 | D32: CORPO DE BSCC - SEÇÃO CANAL DE 2,0 X 1,5 M - PRÉ-MOLDADO - AREIA E BRITA COMERCIAIS | E32: M | F32: 60 | G32: 1461.69 | H32: 283.87 | I32: 1499.39 | J32: 1783.26 | K32: 17032.2 | L32: 89963.4 | M32: 106995.6 | N32: 0.0326278
A33: 5.1.2 | B33: 0705233 | C33: SICRO3 | D33: BOCA DE BSCC 2,00 X 2,00 M - ESCONSIDADE 0° - AREIA E BRITA COMERCIAIS | E33: UN | F33: 2 | G33: 18719.03 | H33: 7502.26 | I33: 15334.95 | J33: 22837.21 | K33: 15004.52 | L33: 30669.9 | M33: 45674.42 | N33: 0.013928197
A34: 5.1.3 | B34: 0804377 | C34: SICRO3 | D34: BOCA DE BSTC D = 0,60 M - ESCONSIDADE 0° - AREIA E BRITA COMERCIAIS - ALAS ESCONSAS | E34: UN | F34: 1 | G34: 1134.51 | H34: 477.98 | I34: 906.12 | J34: 1384.1 | K34: 477.98 | L34: 906.12 | M34: 1384.1 | N34: 0.00042207472
A35: 5.1.4 | B35: 0804393 | C35: SICRO3 | D35: BOCA DE BSTC D = 1,00 M - ESCONSIDADE 0° - AREIA E BRITA COMERCIAIS - ALAS ESCONSAS | E35: UN | F35: 2 | G35: 2935.09 | H35: 1083.4 | I35: 2497.4 | J35: 3580.8 | K35: 2166.8 | L35: 4994.8 | M35: 7161.6 | N35: 0.0021838959
A36: 5.1.5 | B36: 2003618 | C36: SICRO3 | D36: BOCA DE LOBO SIMPLES - BLS 01 - AREIA E BRITA COMERCIAIS | E36: UN | F36: 28 | G36: 1124.41 | H36: 450.56 | I36: 921.22 | J36: 1371.78 | K36: 12615.68 | L36: 25794.16 | M36: 38409.84 | N36: 0.011712898
A37: 5.1.6 | B37: 2003642 | C37: SICRO3 | D37: CAIXA DE LIGAÇÃO E PASSAGEM - CLP 01 - AREIA E BRITA COMERCIAIS | E37: UN | F37: 7 | G37: 1666.01 | H37: 756.38 | I37: 1276.15 | J37: 2032.53 | K37: 5294.66 | L37: 8933.05 | M37: 14227.71 | N37: 0.0043386725
A38: 5.1.7 | B38: 2003644 | C38: SICRO3 | D38: CAIXA DE LIGAÇÃO E PASSAGEM - CLP 02 - AREIA E BRITA COMERCIAIS | E38: UN | F38: 5 | G38: 1637.21 | H38: 752.31 | I38: 1245.08 | J38: 1997.39 | K38: 3761.55 | L38: 6225.4 | M38: 9986.95 | N38: 0.0030454729
A39: 5.1.8 | B39: 2003646 | C39: SICRO3 | D39: CAIXA DE LIGAÇÃO E PASSAGEM - CLP 03 - AREIA E BRITA COMERCIAIS | E39: UN | F39: 2 | G39: 2242.44 | H39: 1004.71 | I39: 1731.06 | J39: 2735.77 | K39: 2009.42 | L39: 3462.12 | M39: 5471.54 | N39: 0.0016685201
A40: 5.1.9 | B40: 2003678 | C40: SICRO3 | D40: POÇO DE VISITA - PVI 01 - AREIA E BRITA COMERCIAIS | E40: UN | F40: 8 | G40: 2252.49 | H40: 1010.97 | I40: 1737.06 | J40: 2748.03 | K40: 8087.76 | L40: 13896.48 | M40: 21984.24 | N40: 0.0067039895
A41: 5.1.10 | B41: 2003680 | C41: SICRO3 | D41: POÇO DE VISITA - PVI 02 - AREIA E BRITA COMERCIAIS | E41: UN | F41: 7 | G41: 2218.89 | H41: 1006.22 | I41: 1700.82 | J41: 2707.04 | K41: 7043.54 | L41: 11905.74 | M41: 18949.28 | N41: 0.0057784929
A42: 5.1.11 | B42: 2003682 | C42: SICRO3 | D42: POÇO DE VISITA - PVI 03 - AREIA E BRITA COMERCIAIS | E42: UN | F42: 1 | G42: 2546.08 | H42: 1121.33 | I42: 1984.88 | J42: 3106.21 | K42: 1121.33 | L42: 1984.88 | M42: 3106.21 | N42: 0.00094722398
A43: 5.1.12 | B43: 2003684 | C43: SICRO3 | D43: POÇO DE VISITA - PVI 04 - AREIA E BRITA COMERCIAIS | E43: UN | F43: 3 | G43: 3050.17 | H43: 1337.1 | I43: 2384.1 | J43: 3721.2 | K43: 4011.3 | L43: 7152.3 | M43: 11163.6 | N43: 0.0034042868
... A45: 5.1.14 | B45: 2003477 | C45: SICRO3 | D45: CAIXA COLETORA DE SARJETA - CCS 200-60 A - COM GRELHA DE CONCRETO - AREIA E BRITA COMERCIAIS | E45: UN | F45: 2 | G45: 4800.87 | H45: 2125.31 | I45: 3731.75 | J45: 5857.06 | K45: 4250.62 | L45: 7463.5 | M45: 11714.12 | N45: 0.0035721652
A46: 5.2 | D46: TUBULAÇÃO | M46: 444444.09 | N46: 0.13553111
A47: 5.2.1 | B47: 95566 | C47: SINAPI | D47: TUBO DE CONCRETO PARA REDES COLETORAS DE ÁGUAS PLUVIAIS, DIÂMETRO DE 300MM, JUNTA RÍGIDA, INSTALADO EM LOCAL COM ALTO NÍVEL DE INTERFERÊNCIAS - FORNECIMENTO E ASSENTAMENTO. AF_03/2024 | E47: M | F47: 28 | G47: 157.39 | H47: 18.31 | I47: 173.7 | J47: 192.01 | K47: 512.68 | L47: 4863.6 | M47: 5376.28 | N47: 0.001639471
A48: 5.2.2 | B48: 92219 | C48: SINAPI | D48: TUBO DE CONCRETO PARA REDES COLETORAS DE ÁGUAS PLUVIAIS, DIÂMETRO DE 400 MM, JUNTA RÍGIDA, INSTALADO EM LOCAL COM ALTO NÍVEL DE INTERFERÊNCIAS - FORNECIMENTO E ASSENTAMENTO. AF_03/2024 | E48: M | F48: 505.5 | G48: 185.86 | H48: 25.39 | I48: 201.35 | J48: 226.74 | K48: 12834.645 | L48: 101782.43 | M48: 114617.07 | N48: 0.034951931
A49: 5.2.3 | B49: 92221 | C49: SINAPI | D49: TUBO DE CONCRETO PARA REDES COLETORAS DE ÁGUAS PLUVIAIS, DIÂMETRO DE 600 MM, JUNTA RÍGIDA, INSTALADO EM LOCAL COM ALTO NÍVEL DE INTERFERÊNCIAS - FORNECIMENTO E ASSENTAMENTO. AF_03/2024 | E49: M | F49: 366.5 | G49: 344.74 | H49: 39.86 | I49: 380.72 | J49: 420.58 | K49: 14608.69 | L49: 139533.88 | M49: 154142.57 | N49: 0.047005044
A50: 5.2.4 | B50: 92223 | C50: SINAPI | D50: TUBO DE CONCRETO PARA REDES COLETORAS DE ÁGUAS PLUVIAIS, DIÂMETRO DE 800 MM, JUNTA RÍGIDA, INSTALADO EM LOCAL COM ALTO NÍVEL DE INTERFERÊNCIAS - FORNECIMENTO E ASSENTAMENTO. AF_03/2024 | E50: M | F50: 102 | G50: 554.68 | H50: 54.68 | I50: 622.02 | J50: 676.7 | K50: 5577.36 | L50: 63446.04 | M50: 69023.4 | N50: 0.021048358
A51: 5.2.5 | B51: 92226 | C51: SINAPI | D51: TUBO DE CONCRETO PARA REDES COLETORAS DE ÁGUAS PLUVIAIS, DIÂMETRO DE 1000 MM, JUNTA RÍGIDA, INSTALADO EM LOCAL COM ALTO NÍVEL DE INTERFERÊNCIAS - FORNECIMENTO E ASSENTAMENTO. AF_03/2024 | E51: M | F51: 125.5 | G51: 661.52 | H51: 69.84 | I51: 737.21 | J51: 807.05 | K51: 8764.92 | L51: 92519.85 | M51: 101284.77 | N51: 0.030886309
A52: 5.3 | D52: MEIO-FIO | M52: 31441.2 | N52: 0.0095878445
A53: 5.3.1 | B53: 2003947 | C53: SICRO3 | D53: MEIO-FIO DE CONCRETO - MFC 05 MOLDADO NO LOCAL COM EXTRUSORA E CONCRETO USINADO - AREIA E BRITA COMERCIAIS | E53: M | F53: 1140 | G53: 22.61 | H53: 2.11 | I53: 25.47 | J53: 27.58 | K53: 2405.4 | L53: 29035.8 | M53: 31441.2 | N53: 0.0095878445
A54: 5.4 | D54: ESCAVAÇÕES/REATERRO/LASTRO | M54: 190049.87 | N54: 0.057954805
A55: 5.4.1 | B55: 2004522 | C55: SICRO3 | D55: ESCAVAÇÃO MECÂNICA DE VALA TRAPEZOIDAL OU TRIANGULAR EM MATERIAL DE 1ª CATEGORIA PARA DRENAGEM SUPERFICIAL COM RETROESCAVADEIRA - 0,30 M² ≤ SEÇÃO < 0,50 M² | E55: M³ | F55: 252.5 | G55: 11.62 | H55: 1.87 | I55: 12.3 | J55: 14.17 | K55: 472.175 | L55: 3105.745 | M55: 3577.92 | N55: 0.0010910697
A56: 5.4.2 | B56: 101605 | C56: SINAPI | D56: ESCORAMENTO DE VALA, TIPO BLINDAGEM, COM PROFUNDIDADE DE 3,0 A 4,5 M, LARGURA MAIOR OU IGUAL A 1,5 M E MENOR QUE 2,5 M - EXECUÇÃO, NÃO INCLUI MATERIAL. AF_08/2020 | E56: M² | F56: 3050.24 | G56: 18.11 | H56: 9.87 | I56: 12.22 | J56: 22.09 | K56: 30105.869 | L56: 37273.931 | M56: 67379.8 | N56: 0.02054715
A57: 5.4.3 | B57: 90106 | C57: SINAPI | D57: ESCAVAÇÃO MECANIZADA DE VALA COM PROFUNDIDADE ATÉ 1,5 M (MÉDIA MONTANTE E JUSANTE/UMA COMPOSIÇÃO POR TRECHO), RETROESCAV. (0,26 M3), LARGURA DE 0,8 M A 1,5 M, EM SOLO DE 1A CATEGORIA, LOCAIS COM BAIXO NÍVEL DE INTERFERÊNCIA. AF_09/2024 | E57: M³ | F57: 3204.12 | G57: 9.27 | H57: 4.65 | I57: 6.65 | J57: 11.3 | K57: 14899.158 | L57: 21307.392 | M57: 36206.55 | N57: 0.011041015
A58: 5.4.4 | B58: 93373 | C58: SINAPI | D58: REATERRO MECANIZADO DE VALA COM ESCAVADEIRA HIDRÁULICA (CAPACIDADE DA CAÇAMBA: 0,8 M³/POTÊNCIA: 111 HP), LARGURA 1,5 A 2,5 M, PROFUNDIDADE 3,0 A 6,0 M, COM SOLO (SEM SUBSTITUIÇÃO) DE 1ª CATEGORIA, COM COMPACTADOR DE SOLOS DE PERCUSSÃO. AF_08/2023 | E58: M³ | F58: 1908.92 | G58: 16.58 | H58: 8.71 | I58: 11.51 | J58: 20.22 | K58: 16626.693 | L58: 21971.667 | M58: 38598.36 | N58: 0.011770386
A59: 5.4.5 | B59: 96624 | C59: SINAPI | D59: LASTRO COM MATERIAL GRANULAR (PEDRA BRITADA N.2), APLICADO EM PISOS OU LAJES SOBRE SOLO, ESPESSURA DE *10 CM*. AF_01/2024 | E59: M³ | F59: 160.7 | G59: 208.36 | H59: 76.9 | I59: 177.29 | J59: 254.19 | K59: 12357.83 | L59: 28490.5 | M59: 40848.33 | N59: 0.012456504
A60: 5.4.6 | B60: 4413984 | C60: SICRO3 | D60: REGULARIZAÇÃO DE BOTA-FORA COM ESPALHAMENTO E COMPACTAÇÃO | E60: M³ | F60: 645.2 | G60: 4.37 | H60: 0.08 | I60: 5.25 | J60: 5.33 | K60: 51.616 | L60: 3387.294 | M60: 3438.91 | N60: 0.0010486793
A61: 6 | D61: PAVIMENTAÇÃO | M61: 2025434.8 | N61: 0.61764671
A62: 6.1 | B62: 100576 | C62: SINAPI | D62: REGULARIZAÇÃO E COMPACTAÇÃO DE SUBLEITO DE SOLO PREDOMINANTEMENTE ARGILOSO, PARA OBRAS DE CONSTRUÇÃO DE PAVIMENTOS. AF_09/2024 | E62: M² | F62: 11222.38 | G62: 3.22 | H62: 1.47 | I62: 2.45 | J62: 3.92 | K62: 16496.899 | L62: 27494.821 | M62: 43991.72 | N62: 0.013415066
A63: 6.2 | B63: 4011279 | C63: SICRO3 | D63: BASE OU SUB-BASE DE MACADAME SECO COM BRITA COMERCIAL - 100% PROCTOR MODIFICADO | E63: M³ | F63: 2244.47 | G63: 190.71 | H63: 0.7 | I63: 231.96 | J63: 232.66 | K63: 1571.129 | L63: 520627.26 | M63: 522198.39 | N63: 0.15924192
A64: 6.3 | B64: 4011276 | C64: SICRO3 | D64: BASE OU SUB-BASE DE BRITA GRADUADA COM BRITA COMERCIAL - 100% PROCTOR MODIFICADO | E64: M³ | F64: 1124.8 | G64: 232.27 | H64: 0.91 | I64: 282.45 | J64: 283.36 | K64: 1023.568 | L64: 317699.75 | M64: 318723.32 | N64: 0.097193162
A65: 6.4 | B65: 5915321 | C65: SICRO3 | D65: TRANSPORTE COM CAMINHÃO BASCULANTE DE 14 M³ - RODOVIA PAVIMENTADA | E65: TKM | F65: 61336.84 | G65: 0.69 | H65: 0 | I65: 0.84 | J65: 0.84 | K65: 0 | L65: 51522.94 | M65: 51522.94 | N65: 0.015711676
A66: 6.5 | B66: 4011351 | C66: SICRO3 | D66: IMPRIMAÇÃO COM ASFALTO DILUÍDO | E66: M² | F66: 8998.41 | G66: 0.63 | H66: 0.04 | I66: 0.72 | J66: 0.76 | K66: 359.9364 | L66: 6478.8536 | M66: 6838.79 | N66: 0.0020854565
A67: 6.6 | B67: CM-30 | C67: Próprio | D67: ASFALTOS DILUÍDOS CM-30 | E67: T | F67: 9.89 | G67: 6412.86 | H67: 0 | I67: 7374.789 | J67: 7374.789 | K67: 0 | L67: 72936.57 | M67: 72936.57 | N67: 0.02224166
A68: 6.7 | B68: TRANSP - 002 | C68: Próprio | D68: TRANSPORTE DE ASFALTO DILUIDO PARA SERVIÇO DE IMPRIMAÇÃO | E68: T | F68: 9.89 | G68: 374.85 | H68: 0 | I68: 457.317 | J68: 457.317 | K68: 0 | L68: 4522.79 | M68: 4522.79 | N68: 0.0013792033
A69: 6.8 | B69: 4011353 | C69: SICRO3 | D69: PINTURA DE LIGAÇÃO | E69: M² | F69: 7498.67 | G69: 0.47 | H69: 0.03 | I69: 0.54 | J69: 0.57 | K69: 224.9601 | L69: 4049.2799 | M69: 4274.24 | N69: 0.0013034092
A70: 6.9 | B70: RR-1C | C70: Próprio | D70: EMULSÕES ASFÁLTICAS RR-1C | E70: T | F70: 5.99 | G70: 3303.23 | H70: 0 | I70: 3798.7145 | J70: 3798.7145 | K70: 0 | L70: 22754.27 | M70: 22754.27 | N70: 0.0069388065
A71: 6.10 | B71: TRANSP - 003 | C71: Próprio | D71: TRANSPORTE PARA EMULSÕES ASFÁLTICAS RR-1C | E71: T | F71: 5.99 | G71: 375.82 | H71: 0 | I71: 458.5004 | J71: 458.5004 | K71: 0 | L71: 2746.41 | M71: 2746.41 | N71: 0.00083750468
A72: 6.11 | B72: 4011463 | C72: SICRO3 | D72: CONCRETO ASFÁLTICO - FAIXA C-12,5 - AREIA E BRITA COMERCIAIS | E72: T | F72: 1818.43 | G72: 189.71 | H72: 3.39 | I72: 228.05 | J72: 231.44 | K72: 6164.4777 | L72: 414692.95 | M72: 420857.43 | N72: 0.12833847
A73: 6.12 | B73: CAP-50-70 | C73: Próprio | D73: CIMENTOS ASFÁLTICOS CAP-50-70 | E73: T | F73: 100.83 | G73: 4385.29 | H73: 0 | I73: 5043.0835 | J73: 5043.0835 | K73: 0 | L73: 508493.75 | M73: 508493.75 | N73: 0.15506275
A74: 6.13 | B74: TRANSP - 001 | C74: Próprio | D74: TRANSPORTE CIMENTOS ASFÁLTICOS CAP-50-70 | E74: T | F74: 100.83 | G74: 370.49 | H74: 0 | I74: 451.9978 | J74: 451.9978 | K74: 0 | L74: 45574.15 | M74: 45574.15 | N74: 0.01389762
A75: 7 | D75: SINALIZAÇÃO | M75: 26394.72 | N75: 0.0080489444
A76: 7.1 | D76: SINALIZAÇÃO HORIZONTAL | M76: 13844.44 | N76: 0.0042217962
A77: 7.1.1 | B77: 5213400 | C77: SICRO3 | D77: PINTURA DE FAIXA COM TINTA ACRÍLICA - ESPESSURA DE 0,4 MM | E77: M² | F77: 276.61 | G77: 20.14 | H77: 0.87 | I77: 23.7 | J77: 24.57 | K77: 240.6507 | L77: 6555.6493 | M77: 6796.3 | N77: 0.0020724994
A78: 7.1.2 | B78: 5213404 | C78: SICRO3 | D78: PINTURA DE SETAS E ZEBRADOS COM TINTA ACRÍLICA - ESPESSURA DE 0,4 MM | E78: M² | F78: 97.14 | G78: 36.5 | H78: 5.07 | I78: 39.46 | J78: 44.53 | K78: 492.4998 | L78: 3833.1402 | M78: 4325.64 | N78: 0.0013190834
A79: 7.1.3 | B79: 5213362 | C79: SICRO3 | D79: TACHÃO REFLETIVO EM PLÁSTICO INJETADO - BIDIRECIONAL - FORNECIMENTO E COLOCAÇÃO | E79: UN | F79: 25 | G79: 89.27 | H79: 9.62 | I79: 99.28 | J79: 108.9 | K79: 240.5 | L79: 2482 | M79: 2722.5 | N79: 0.00083021344
A80: 7.2 | D80: SINALIZAÇÃO VERTICAL | M80: 12550.28 | N80: 0.0038271482
A81: 7.2.1 | B81: 5213447 | C81: SICRO3 | D81: PLACA DE REGULAMENTAÇÃO EM AÇO, R1 LADO 0,497 M - PELÍCULA RETRORREFLETIVA TIPO III + SI - FORNECIMENTO E IMPLANTAÇÃO | E81: UN | F81: 4 | G81: 1115.83 | H81: 101.13 | I81: 1260.18 | J81: 1361.31 | K81: 404.52 | L81: 5040.72 | M81: 5445.24 | N81: 0.0016605001
A82: 7.2.2 | B82: 5213856 | C82: SICRO3 | D82: SUPORTE METÁLICO GALVANIZADO PARA PLACA DE REGULAMENTAÇÃO - R1 - LADO DE 0,331 M - FORNECIMENTO E IMPLANTAÇÃO | E82: UN | F82: 4 | G82: 449.46 | H82: 21.69 | I82: 526.65 | J82: 548.34 | K82: 86.76 | L82: 2106.6 | M82: 2193.36 | N82: 0.00066885471
A83: 7.2.3 | B83: 5213464 | C83: SICRO3 | D83: PLACA DE ADVERTÊNCIA EM AÇO, LADO DE 0,60 M - PELÍCULA RETRORREFLETIVA TIPO I + SI - FORNECIMENTO E IMPLANTAÇÃO | E83: UN | F83: 5 | G83: 286.95 | H83: 50.39 | I83: 299.68 | J83: 350.07 | K83: 251.95 | L83: 1498.4 | M83: 1750.35 | N83: 0.00053376091
A84: 7.2.4 | B84: 5213863 | C84: SICRO3 | D84: SUPORTE METÁLICO GALVANIZADO PARA PLACA DE ADVERTÊNCIA OU REGULAMENTAÇÃO - LADO OU DIÂMETRO DE 0,60 M - FORNECIMENTO E IMPLANTAÇÃO | E84: UN | F84: 5 | G84: 481.93 | H84: 23.22 | I84: 564.73 | J84: 587.95 | K84: 116.1 | L84: 2823.65 | M84: 2939.75 | N84: 0.00089646279
A85: 7.2.5 | B85: 5213476 | C85: SICRO3 | D85: PLACA DELINEADOR EM AÇO - 0,50 X 0,60 M - PELÍCULA RETRORREFLETIVA TIPO I + IV - FORNECIMENTO E IMPLANTAÇÃO | E85: UN | F85: 1 | G85: 181.63 | H85: 47.57 | I85: 174.01 | J85: 221.58 | K85: 47.57 | L85: 174.01 | M85: 221.58 | N85: 6.7569768e-05
J86: Totais -> | K86: 260.581,73 | L86: 3.018.695,48 | M86: 3.279.277,21
J88: Total sem BDI | L88: 2718520.3 | P88: =L88=Resumo!D23 -> TRUE
J89: Total com BDI | L89: 3279277.2 | P89: =L89=Resumo!D24 -> TRUE
A92: =M6 -> 46111
A96: _________________________
A97: Eng° Tayná Caroline Schregele
A98: CREA-SC 165937-8

Sheet Cotações
A5: =Orçamentária!A6 -> Cliente: | B5: =Orçamentária!B6 -> Marcos José Klein | G5: =Orçamentária!L6 -> Data: | H5: =Orçamentária!M6 -> 46111
A6: =Orçamentária!A7 -> Obra: | B6: =Orçamentária!B7 -> Projetos viários da Via de acesso para a Marginal da Rod. Plinio Arlindo Nês - Fase 01 | G6: =Orçamentária!L7 -> Revisão: | H6: =Orçamentária!M7 -> R01
A7: =Orçamentária!#REF! -> #REF! | B7: =Orçamentária!#REF! -> #REF! | G7: =Orçamentária!L8 -> BDI: | H7: =Orçamentária!M8 -> 0.22
A8: =Orçamentária!A8 -> Município: | B8: =Orçamentária!B8 -> Chapecó/SC | G8: =IF(Orçamentária!P12="Não"," ",Orçamentária!L9) -> BDI diferenciado: | H8: =IF(Orçamentária!P12="Não"," ",Orçamentária!M9) -> 0.15
A9: =Orçamentária!A9 -> Comprimento: | B9: =Orçamentária!B9 -> 581,89 m | G9: =Orçamentária!L10 -> 0 | H9: =Orçamentária!M10 -> 0
A11: Cotações de insumos e serviços especializados
D13: FORNECEDOR 1 | E13: FORNECEDOR 2 | F13: FORNECEDOR 3 | G13: UNIDADE | H13: MÉDIA PREÇO (R$)
C14: EMPRESA | D14: MAGAZINE LUIZA | E14: LOJA BOLD | F14: MADEIRA MADEIRA
C15: CONTATO | D15: =IFERROR(VLOOKUP(D14,[1]FORNECEDORES!$A$3:$D$995,2,FALSE)," ") -> 0800 773 3838 | E15: =IFERROR(VLOOKUP(E14,[1]FORNECEDORES!$A$3:$D$995,2,FALSE)," ") -> (47) 3274-6526 | F15: =IFERROR(VLOOKUP(F14,[1]FORNECEDORES!$A$3:$D$995,2,FALSE)," ") -> 0800 080 0099
C16: SITE / EMAIL | D16: =IFERROR(VLOOKUP(D14,[1]FORNECEDORES!$A$3:$D$995,3,FALSE)," ") -> www.magazineluiza.com.br | E16: =IFERROR(VLOOKUP(E14,[1]FORNECEDORES!$A$3:$D$995,3,FALSE)," ") -> www.loja.bold.net | F16: =IFERROR(VLOOKUP(F14,[1]FORNECEDORES!$A$3:$D$995,3,FALSE)," ") -> www.madeiramadeira.com.br
A17: ITEM | B17: DESCRIÇÃO DO INSUMO / SERVIÇO ESPECIALIZADO | D17: R$ UNITÁRIO | E17: R$ UNITÁRIO | F17: R$ UNITÁRIO
H18: =AVERAGE(D18:F18) -> #DIV/0!
A21: =Orçamentária!A92 -> 46111
A25: =Orçamentária!A96 -> _________________________
A26: =Orçamentária!A97 -> Eng° Tayná Caroline Schregele
A27: =Orçamentária!A98 -> CREA-SC 165937-8

Sheet Cronograma
A5: =Orçamentária!A6 -> Cliente: | B5: =Orçamentária!B6 -> Marcos José Klein | E5: =Orçamentária!L6 -> Data: | F5: =Orçamentária!M6 -> 46111
A6: =Orçamentária!A7 -> Obra: | B6: =Orçamentária!B7 -> Projetos viários da Via de acesso para a Marginal da Rod. Plinio Arlindo Nês - Fase 01 | E6: =Orçamentária!L7 -> Revisão: | F6: =Orçamentária!M7 -> R01
A7: =Orçamentária!A8 -> Município: | B7: =Orçamentária!B8 -> Chapecó/SC | E7: =Orçamentária!L8 -> BDI: | F7: =Orçamentária!M8 -> 0.22
A8: =Orçamentária!A9 -> Comprimento: | B8: =Orçamentária!B9 -> 581,89 m | E8: =IF(Orçamentária!P12="Não"," ",Orçamentária!L9) -> BDI diferenciado: | F8: =IF(Orçamentária!P12="Não"," ",Orçamentária!M9) -> 0.15
A11: Cronograma físico-financeiro
D12: 1 | E12: 1 | F12: 1
A13: Item | B13: Descrição | C13: Total Por Etapa | D13: 30 DIAS | E13: 60 DIAS | F13: 90 DIAS
A14: 1 | B14: ADMINISTRAÇÃO LOCAL | C14: 100,00% 21.406,26 | D14: 33,00% 7.064,07 | E14: 33,00% 7.064,07 | F14: 34,00% 7.278,13
A15: 2 | B15: MOBILIZAÇÃO E DESMOBILIZAÇÃO | C15: 100,00% 15.313,46 | D15: 34,00% 5.206,58 | E15: 33,00% 5.053,44 | F15: 33,00% 5.053,44
A16: 3 | B16: SERVIÇOS PRELIMINARES | C16: 100,00% 8.796,72 | D16: 34,00% 2.990,88 | E16: 33,00% 2.902,92 | F16: 33,00% 2.902,92
A17: 4 | B17: TERRAPLENAGEM | C17: 100,00% 181.943,42 | D17: 70,00% 127.360,39 | E17: 30,00% 54.583,03
A18: 5 | B18: DRENAGEM | C18: 100,00% 999.987,86 | D18: 40,00% 399.995,14 | E18: 60,00% 599.992,72
A19: 6 | B19: PAVIMENTAÇÃO | C19: 100,00% 2.025.434,77 | E19: 50,00% 1.012.717,39 | F19: 50,00% 1.012.717,39
A20: 7 | B20: SINALIZAÇÃO | C20: 100,00% 26.394,72 | F20: 100,00% 26.394,72
A21: Porcentagem | D21: 16,55% | E21: 51,3% | F21: 32,15%
A22: Custo | D22: 542.617,06 | E22: 1.682.313,55 | F22: 1.054.346,59
A23: Porcentagem Acumulado | D23: 16,55% | E23: 67,85% | F23: 100,0%
A24: Custo Acumulado | D24: 542.617,06 | E24: 2.224.930,61 | F24: 3.279.277,21
A26: =Orçamentária!A92 -> 46111
A30: =Orçamentária!A96 -> _________________________
A31: =Orçamentária!A97 -> Eng° Tayná Caroline Schregele
A32: =Orçamentária!A98 -> CREA-SC 165937-8
A35: OCULTAR ESTAS LINHAS | B35: TOTAL RESUMO | C35: =Resumo!D24 -> 3279277.2
B36: CONFERE? | C36: =IF((SUM(D22:XFD22))/C35=1,"SIM","NÃO") -> NÃO

Sheet Curva ABC de Serviços
L1: <---------------OCULTAR ESTAS COLUNAS-------------->
L3: COPIAR E COLAR A CÉLULA ABAIXO NA COLUNA "CLASSIFICAÇÃO", APÓS IMPORTAR AS DEMAIS COLUNAS DO ORÇAFASCIO:
A5: =Orçamentária!A6 -> Cliente: | B5: =Orçamentária!B6 -> Marcos José Klein | I5: =Orçamentária!L6 -> Data: | J5: =Orçamentária!M6 -> 46111 | L5: =IF(K5>95,"C",IF(K5>80,"B","A")) -> A | M5: <------------------------------
A6: =Orçamentária!A7 -> Obra: | B6: =Orçamentária!B7 -> Projetos viários da Via de acesso para a Marginal da Rod. Plinio Arlindo Nês - Fase 01 | I6: =Orçamentária!L7 -> Revisão: | J6: =Orçamentária!M7 -> R01 | L6: *LEMBRAR DE CONVERTER AS CÉLULAS DA COLUNA "PESO ACUMULADO" EM NÚMERO, POIS PODEM VIR EM FORMA DE TEXTO.
A7: =Orçamentária!A8 -> Município: | B7: =Orçamentária!B8 -> Chapecó/SC | I7: =Orçamentária!L8 -> BDI: | J7: =Orçamentária!M8 -> 0.22
A8: =Orçamentária!A9 -> Comprimento: | B8: =Orçamentária!B9 -> 581,89 m | I8: =IF(Orçamentária!P12="Não"," ",Orçamentária!L9) -> BDI diferenciado: | J8: =IF(Orçamentária!P12="Não"," ",Orçamentária!M9) -> 0.15
A11: Curva ABC de serviços
A13: Código | B13: Banco | C13: Descrição | D13: Und | E13: Quant. | F13: Valor Unit | G13: Total | H13: Peso (%) | I13: Peso Acumulado (%) | J13: CLASSIFICAÇÃO
A14: CAP-50-70 | B14: Próprio | C14: CIMENTOS ASFÁLTICOS CAP-50-70 | D14: T | E14: 100,83 | F14: 4.385,29 | G14: 442.168,79 | H14: 16,27 | I14: 16,27 | J14: A
A15: 4011279 | B15: SICRO3 | C15: BASE OU SUB-BASE DE MACADAME SECO COM BRITA COMERCIAL - 100% PROCTOR MODIFICADO | D15: M³ | E15: 2.244,47 | F15: 190,71 | G15: 428.042,87 | H15: 15,75 | I15: 32,01 | J15: A
A16: 4011463 | B16: SICRO3 | C16: CONCRETO ASFÁLTICO - FAIXA C-12,5 - AREIA E BRITA COMERCIAIS | D16: T | E16: 1.818,43 | F16: 189,71 | G16: 344.974,35 | H16: 12,69 | I16: 44,70 | J16: A
A17: 4011276 | B17: SICRO3 | C17: BASE OU SUB-BASE DE BRITA GRADUADA COM BRITA COMERCIAL - 100% PROCTOR MODIFICADO | D17: M³ | E17: 1.124,8 | F17: 232,27 | G17: 261.257,29 | H17: 9,61 | I17: 54,31 | J17: A
A18: 92221 | B18: SINAPI | C18: TUBO DE CONCRETO PARA REDES COLETORAS DE ÁGUAS PLUVIAIS, DIÂMETRO DE 600 MM, JUNTA RÍGIDA, INSTALADO EM LOCAL COM ALTO NÍVEL DE INTERFERÊNCIAS - FORNECIMENTO E ASSENTAMENTO. AF_03/2024 | D18: M | E18: 366,5 | F18: 344,74 | G18: 126.347,21 | H18: 4,65 | I18: 58,96 | J18: A
A19: 92219 | B19: SINAPI | C19: TUBO DE CONCRETO PARA REDES COLETORAS DE ÁGUAS PLUVIAIS, DIÂMETRO DE 400 MM, JUNTA RÍGIDA, INSTALADO EM LOCAL COM ALTO NÍVEL DE INTERFERÊNCIAS - FORNECIMENTO E ASSENTAMENTO. AF_03/2024 | D19: M | E19: 505,5 | F19: 185,86 | G19: 93.952,23 | H19: 3,46 | I19: 62,41 | J19: A
A20: 6817887 | B20: SICRO3 | C20: CORPO DE BSCC - SEÇÃO CANAL DE 2,0 X 1,5 M - PRÉ-MOLDADO - AREIA E BRITA COMERCIAIS | D20: M | E20: 60,0 | F20: 1.461,69 | G20: 87.701,40 | H20: 3,23 | I20: 65,64 | J20: A
A21: 92226 | B21: SINAPI | C21: TUBO DE CONCRETO PARA REDES COLETORAS DE ÁGUAS PLUVIAIS, DIÂMETRO DE 1000 MM, JUNTA RÍGIDA, INSTALADO EM LOCAL COM ALTO NÍVEL DE INTERFERÊNCIAS - FORNECIMENTO E ASSENTAMENTO. AF_03/2024 | D21: M | E21: 125,5 | F21: 661,52 | G21: 83.020,76 | H21: 3,05 | I21: 68,69 | J21: A
A22: 5502137 | B22: SICRO3 | C22: ESCAVAÇÃO, CARGA E TRANSPORTE DE MATERIAL DE 1ª CATEGORIA - DMT DE 400 A 600 M - CAMINHO DE SERVIÇO EM REVESTIMENTO PRIMÁRIO - COM ESCAVADEIRA E CAMINHÃO BASCULANTE DE 14 M³ | D22: M³ | E22: 12.056,96 | F22: 6,88 | G22: 82.951,88 | H22: 3,05 | I22: 71,75 | J22: A
A23: CM-30 | B23: Próprio | C23: ASFALTOS DILUÍDOS CM-30 | D23: T | E23: 9,89 | F23: 6.412,86 | G23: 63.423,18 | H23: 2,33 | I23: 74,08 | J23: A
A24: 92223 | B24: SINAPI | C24: TUBO DE CONCRETO PARA REDES COLETORAS DE ÁGUAS PLUVIAIS, DIÂMETRO DE 800 MM, JUNTA RÍGIDA, INSTALADO EM LOCAL COM ALTO NÍVEL DE INTERFERÊNCIAS - FORNECIMENTO E ASSENTAMENTO. AF_03/2024 | D24: M | E24: 102,0 | F24: 554,68 | G24: 56.577,36 | H24: 2,08 | I24: 76,16 | J24: A
... A68: 5213476 | B68: SICRO3 | C68: PLACA DELINEADOR EM AÇO - 0,50 X 0,60 M - PELÍCULA RETRORREFLETIVA TIPO I + IV - FORNECIMENTO E IMPLANTAÇÃO | D68: UN | E68: 1,0 | F68: 181,63 | G68: 181,63 | H68: 0,01 | I68: 100,00 | J68: C
L69: CONFERÊNCIA DE TOTAIS
A70: Classe | B70: Corte | F70: Total sem BDI | H70: =Orçamentária!L88 -> 2718520.3 | L70: =H70=#REF! -> #REF!
A71: A | B71: 0.8 | F71: Total com BDI | H71: =Orçamentária!L89 -> 3279277.2 | L71: =H71=#REF! -> #REF!
A72: B | B72: 0.95
A73: C | B73: 1
A74: =Orçamentária!A92 -> 46111
A81: =Orçamentária!A96 -> _________________________
A82: =Orçamentária!A97 -> Eng° Tayná Caroline Schregele
A83: =Orçamentária!A98 -> CREA-SC 165937-8

Sheet Composição BDI
J1: <-OCULTAR->
J2: ALTERAR ISS CONFORME MUNÍCIPIO DA OBRA.
J5: ver aba [ISS]
A6: =Orçamentária!A6 -> Cliente: | B6: =Orçamentária!B6 -> Marcos José Klein | E6: =Orçamentária!L6 -> Data: | F6: =Orçamentária!M6 -> 46111
A7: =Orçamentária!A7 -> Obra: | B7: =Orçamentária!B7 -> Projetos viários da Via de acesso para a Marginal da Rod. Plinio Arlindo Nês - Fase 01 | E7: =Orçamentária!L7 -> Revisão: | F7: =Orçamentária!M7 -> R01
A8: =Orçamentária!A8 -> Município: | B8: =Orçamentária!B8 -> Chapecó/SC | E8: =Orçamentária!L8 -> BDI: | F8: =Orçamentária!M8 -> 0.22
A9: =Orçamentária!A9 -> Comprimento: | B9: =Orçamentária!B9 -> 581,89 m | E9: =IF(Orçamentária!P12="Não"," ",Orçamentária!L9) -> BDI diferenciado: | F9: =IF(Orçamentária!P12="Não"," ",Orçamentária!M9) -> 0.15
A12: Composição do BDI
A14: Item | C14: Mínimo (%) | D14: Médio (%) | E14: Máximo (%) | F14: Valores Propostos (%)
A15: AC | B15: Adm. Central | C15: 0.03 | D15: 0.04 | E15: 0.055 | F15: 0.0398
A16: R | B16: Riscos | C16: 0.0097 | D16: 0.0127 | E16: 0.0127 | F16: 0.0127
A17: SG | B17: Seguro e Garantia | C17: 0.008 | D17: 0.008 | E17: 0.01 | F17: =D17 -> 0.008
A18: DF | B18: Despesas Financeiras | C18: 0.0059 | D18: 0.0123 | E18: 0.0139 | F18: 0.0122
A19: L | B19: Lucro | C19: 0.0616 | D19: 0.074 | E19: 0.0896 | F19: 0.0724
A20: I1 | B20: PIS | C20: 0.0065 | D20: 0.0065 | E20: 0.0065 | F20: =D20 -> 0.0065
A21: I2 | B21: COFINS | C21: 0.03 | D21: 0.03 | E21: 0.03 | F21: =D21 -> 0.03
A22: I3 | B22: ISS | C22: 0 | D22: 0.025 | E22: 0.05 | F22: 0.02
A25: BDI (%) = | B25: =TRUNC((((1+(F15+F16+F17))*(1+F18)*(1+F19))/(1-SUM(F20:F23))-1)*100,2) -> 22
A33: =Orçamentária!A92 -> 46111
A37: =Orçamentária!A96 -> _________________________
A38: =Orçamentária!A97 -> Eng° Tayná Caroline Schregele
A39: =Orçamentária!A98 -> CREA-SC 165937-8

Sheet Composição BDi Dif.
A6: =Orçamentária!A6 -> Cliente: | B6: =Orçamentária!B6 -> Marcos José Klein | E6: =Orçamentária!L6 -> Data: | F6: =Orçamentária!M6 -> 46111
A7: =Orçamentária!A7 -> Obra: | B7: =Orçamentária!B7 -> Projetos viários da Via de acesso para a Marginal da Rod. Plinio Arlindo Nês - Fase 01 | E7: =Orçamentária!L7 -> Revisão: | F7: =Orçamentária!M7 -> R01
A8: =Orçamentária!A8 -> Município: | B8: =Orçamentária!B8 -> Chapecó/SC | E8: =Orçamentária!L8 -> BDI: | F8: =Orçamentária!M8 -> 0.22
A9: =Orçamentária!A9 -> Comprimento: | B9: =Orçamentária!B9 -> 581,89 m | E9: =Orçamentária!L9 -> BDI diferenciado: | F9: =Orçamentária!M9 -> 0.15
A12: Composição do BDI diferenciado
A14: Item | C14: Mínimo (%) | D14: Médio (%) | E14: Máximo (%) | F14: Valores Propostos (%)
A15: AC | B15: Adm. Central | C15: 0.015 | D15: 0.0345 | E15: 0.0449 | F15: 0.015
A16: R | B16: Riscos | C16: 0.0056 | D16: 0.0085 | E16: 0.0089 | F16: =D16 -> 0.0085
A17: SG | B17: Seguro e Garantia | C17: 0.003 | D17: 0.0048 | E17: 0.0082 | F17: =D17 -> 0.0048
A18: DF | B18: Despesas Financeiras | C18: 0.0085 | D18: 0.0085 | E18: 0.0111 | F18: =D18 -> 0.0085
A19: L | B19: Lucro | C19: 0.035 | D19: 0.0511 | E19: 0.0622 | F19: 0.0463
A20: I1 | B20: PIS | C20: 0.0065 | D20: 0.0065 | E20: 0.0065 | F20: =D20 -> 0.0065
A21: I2 | B21: COFINS | C21: 0.03 | D21: 0.03 | E21: 0.03 | F21: =D21 -> 0.03
A22: I3 | B22: ISS | C22: 0.02 | D22: 0.02 | E22: 0.02 | F22: =C22 -> 0.02
A25: BDI (%) = | B25: =TRUNC((((1+(F15+F16+F17))*(1+F18)*(1+F19))/(1-SUM(F20:F23))-1)*100,2) -> 15
A33: =Orçamentária!$A$92 -> 46111
A37: =Orçamentária!A96 -> _________________________
A38: =Orçamentária!A97 -> Eng° Tayná Caroline Schregele
A39: =Orçamentária!A98 -> CREA-SC 165937-8

Sheet OCULTAR
B2: DADOS | E2: ITEM | F2: ETAPAS | G2: %
B3: CUB SC JUNHO 2022 | C3: 2380.91
B4: ÁREA TOTAL | C4: 0 | E4: =Resumo!#REF! -> #REF! | F4: =Resumo!#REF! -> #REF! | G4: =Resumo!#REF! -> #REF!
B5: CUSTO TOTAL (s/ BDI) | C5: =Resumo!D23 -> 2718520.3 | E5: =Resumo!#REF! -> #REF! | F5: =Resumo!#REF! -> #REF! | G5: =Resumo!#REF! -> #REF!
B6: CUSTO TOTAL (c/ BDI) | C6: =Resumo!D25 -> 0 | E6: =Resumo!#REF! -> #REF! | F6: =Resumo!#REF! -> #REF! | G6: =Resumo!#REF! -> #REF!
B7: AÇO | C7: 0 | E7: =Resumo!#REF! -> #REF! | F7: =Resumo!#REF! -> #REF! | G7: =Resumo!#REF! -> #REF!
B8: CONCRETO | C8: 0 | E8: =Resumo!#REF! -> #REF! | F8: =Resumo!#REF! -> #REF! | G8: =Resumo!#REF! -> #REF!
B9: CONSIDERAÇÕES | E9: =Resumo!#REF! -> #REF! | F9: =Resumo!#REF! -> #REF! | G9: =Resumo!#REF! -> #REF!
B10: R$/M² (s/ BDI) | C10: =C5/C4 -> #DIV/0! | E10: =Resumo!#REF! -> #REF! | F10: =Resumo!#REF! -> #REF! | G10: =Resumo!#REF! -> #REF!
B11: AÇO/M² | C11: =C7/C4 -> #DIV/0! | E11: =Resumo!#REF! -> #REF! | F11: =Resumo!#REF! -> #REF! | G11: =Resumo!#REF! -> #REF!
B12: CONCRETO/M² | C12: =C8/C4 -> #DIV/0! | E12: =Resumo!#REF! -> #REF! | F12: =Resumo!#REF! -> #REF! | G12: =Resumo!#REF! -> #REF!
E13: =Resumo!#REF! -> #REF! | F13: =Resumo!#REF! -> #REF! | G13: =Resumo!#REF! -> #REF!
E14: =Resumo!#REF! -> #REF! | F14: =Resumo!#REF! -> #REF! | G14: =Resumo!#REF! -> #REF!
E15: =Resumo!#REF! -> #REF! | F15: =Resumo!#REF! -> #REF! | G15: =Resumo!#REF! -> #REF!
E16: =Resumo!#REF! -> #REF! | F16: =Resumo!#REF! -> #REF! | G16: =Resumo!#REF! -> #REF!
E17: =Resumo!#REF! -> #REF! | F17: =Resumo!#REF! -> #REF! | G17: =Resumo!#REF! -> #REF!
E18: =Resumo!#REF! -> #REF! | F18: =Resumo!#REF! -> #REF! | G18: =Resumo!#REF! -> #REF!
E19: =Resumo!#REF! -> #REF! | F19: =Resumo!#REF! -> #REF! | G19: =Resumo!#REF! -> #REF!
E20: =Resumo!#REF! -> #REF! | F20: =Resumo!#REF! -> #REF! | G20: =Resumo!#REF! -> #REF!
E21: =Resumo!#REF! -> #REF! | F21: =Resumo!#REF! -> #REF! | G21: =Resumo!#REF! -> #REF!
E22: =Resumo!#REF! -> #REF! | F22: =Resumo!#REF! -> #REF! | G22: =Resumo!#REF! -> #REF!
E23: =Resumo!#REF! -> #REF! | F23: =Resumo!#REF! -> #REF! | G23: =Resumo!#REF! -> #REF!

Sheet ISS
A1: VERIFICAR PERIODICAMENTE ESTAS ALÍQUOTAS
A4: Santa Catarina
A5: Município | B5: ISS (%) | C5: Fonte
A6: Itajaí | B6: 0.02 | C6: ➥
A7: Chapecó | B7: 0.02 | C7: ➥
A8: Lages | B8: 0.03 | C8: ➥
A9: Xanxerê | B9: 0.03 | C9: ➥
A10: Florianópolis | B10: 0.03 | C10: ➥
A11: Palhoça | C11: ➥
A12: Taió | B12: 0.02 | C12: ➥
A13: Balneário Piçarras | B13: 0.03 | C13: ➥
A14: Tubarão | B14: 0.02 | C14: ➥
A15: Santa Rosa do Sul | B15: 0.02 | C15: ➥
A16: Guatambu | B16: 0.02 | C16: ➥
A17: Pinhalzinho | B17: 0.02 | C17: ➥
A18: Joinville | B18: 0.02 | C18: ➥
A19: Pomerode | B19: 0.035 | C19: ➥
A20: Blumenau | B20: 0.05 | C20: ➥
A23: Rio Grande do Sul
A24: Município | B24: ISS (%) | C24: Fonte
A25: Viamão | C25: ➥
A26: Osório | C26: ➥
A27: Santa Cruz do Sul | C27: ➥
A28: Santa Rosa | B28: 0.04 | C28: ➥
A30: Paraná
A31: Município | B31: ISS (%) | C31: Fonte
A32: Toledo | B32: 0.03 | C32: ➥
A33: Campo Largo | B33: 0.02 | C33: ➥
